 Dungeon Crawl Stone Soup version 0.18.1-50-g88ac8fd (webtiles) character file.

58 KarmaPolice the Insei (level 3, -13/28 HPs)
             Began as a Vampire Monk on Oct 4, 2016.
             Was an Initiate of Ashenzari.
             Mangled by a two-headed ogre
             ... wielding a +0 giant club
             ... created by the fury of Okawaru
              (24 damage)
             ... on level 3 of the Dungeon.
             The game lasted 00:22:45 (2345 turns).

KarmaPolice the Insei (Vampire Monk)                Turns: 2345, Time: 00:22:46

Health: -13/28     AC:  3    Str: 10    XL:     3   Next: 75%
Magic:  3/3        EV: 13    Int: 13    God:    Ashenzari [......]
Gold:   105        SH:  0    Dex: 16    Spells: 0 memorised, 2 levels left

rFire  . . .     SeeInvis +       - Unarmed
rCold  + . .     Gourm    .     a - +0 robe
rNeg   + + .     Faith    .     (no shield)
rPois  +         Spirit   .     (no helmet)
rElec  .         Dismiss  .     (no cloak)
rCorr  .         Reflect  .     (no gloves)
SustAt .         Harm     .     (no boots)
MR     .....                    (no amulet)
Stlth  +++.......               (no ring)
                                l - +1 ring of protection

@: regenerating slowly, not resistant to hostile enchantments, fairly stealthy
A: fangs 3, see invisible, unbreathing
a: Bat Form, Curse Item, Renounce Religion


You were on level 3 of the Dungeon.
You worshipped Ashenzari.
Ashenzari was noncommittal.
You were very thirsty.

You visited 1 branch of the dungeon, and saw 3 of its levels.

You collected 105 gold pieces.

Inventory:

Hand Weapons
 b - a +0 club
 c - a +0 club
 k - a +0 club
 m - a +0 club
 o - a +0 short sword
 q - a +0 short sword
 s - a +0 hand axe
 v - a +0 club
Missiles
 j - 11 sling bullets
 p - 19 stones (quivered)
Armour
 a - a +0 robe (worn)
 w - a +0 helmet
 x - a +0 ring mail
Jewellery
 l - a +1 ring of protection (left hand)
Scrolls
 e - 2 scrolls of teleportation {unknown}
 f - a scroll of enchant weapon {unknown}
 g - 2 scrolls of magic mapping {unknown}
 h - 2 scrolls of remove curse
 n - 3 scrolls of identify {unknown}
 t - a scroll of fear {unknown}
 y - 2 scrolls of enchant armour {unknown}
Potions
 d - 3 potions of magic {unknown}
 i - 3 potions of curing {unknown}
 u - a potion of mutation {unknown}
Comestibles
 r - 3 bread rations


   Skills:
 * Level 2.8 Fighting
 * Level 0.5 Maces & Flails
 * Level 0.5 Throwing
 * Level 0.4 Armour
 - Level 3.3 Dodging
 * Level 3.9 Stealth
 * Level 5.1 Unarmed Combat


You had 2 spell levels left.
You didn't know any spells.

Dungeon Overview and Level Annotations

Branches:
Dungeon (3/15)

Altars:
Ashenzari
Okawaru
Qazlal


Innate Abilities, Weirdness & Mutations

You heal slowly.
You have razor-sharp teeth.
You have supernaturally acute eyesight.
You can survive without breathing.


Message History

You now have 92 gold pieces (gained 15).
You hear the slow rusting of a very distant drain.
You see here an adder corpse.
You hear the slow rusting of a very distant drain.
You are feeling very thirsty.
Found 13 gold pieces.
You now have 105 gold pieces (gained 13).
There is a shaft here.
Okawaru sends forces against you!
A two-headed ogre comes into view.
It is wielding a giant club and a giant spiked club.
The two-headed ogre closely misses you.
The two-headed ogre hits you with a giant spiked club!
You hit the two-headed ogre.
The two-headed ogre is lightly wounded.
You hit the two-headed ogre.
The two-headed ogre is lightly wounded.
You hear the slow rusting of a very distant drain.
The two-headed ogre hits you with a giant club!!
Ouch! That really hurt!
You die...

#### #..
##.#### #.....
#####..####
#..O@.....#
#.###..##....
#.# #..# #
#^###..#####..
#.............
######.#######
#.# #.# #.#
##+##


You could see a two-headed ogre.

Vanquished Creatures
  3 adders
  A dart slug (D:2)
  3 bats
  2 giant cockroaches
  4 goblins
  6 hobgoblins
  4 kobolds
  A giant newt (D:2)
  5 rats (D:1)
29 creatures vanquished.

Notes
Turn   | Place    | Note
--------------------------------------------------------------
     0 | D:1      | KarmaPolice the Vampire Monk began the quest for the Orb.
     0 | D:1      | Reached XP level 1. HP: 17/17 MP: 1/1
   332 | D:1      | Reached XP level 2. HP: 23/23 MP: 2/2
   663 | D:1      | Reached skill level 5 in Unarmed Combat
  1290 | D:2      | Reached XP level 3. HP: 28/28 MP: 3/3
  1548 | D:2      | Found a faded altar to an unknown god.
  1578 | D:2      | Became a worshipper of Warmaster Okawaru
  1578 | D:2      | Reached * piety under Okawaru
  1578 | D:2      | Reached ** piety under Okawaru
  1778 | D:2      | Found an iron altar of Okawaru.
  1778 | D:2      | Found a shattered altar of Ashenzari.
  1992 | D:2      | Fell from the grace of Okawaru
  1992 | D:2      | Became a worshipper of Ashenzari the Shackled
  2031 | D:2      | Found a stormy altar of Qazlal.
  2342 | D:3      | Noticed a two-headed ogre
  2345 | D:3      | Mangled by a two-headed ogre

Skill      XL: |  1  2 |
---------------+-------+-----
Unarmed Combat | 5 |  5.1
Fighting       | |  2.8
Maces & Flails | |  0.5
Throwing       | |  0.5
Armour         | |  0.4
Dodging        | |  3.3
Stealth        | |  3.9

Action                   || total
-------------------------++-------
Melee: Unarmed           ||    75
       Bite              ||     8
       Punch             ||     1
  Use: Potion            ||     1
 Stab: Sleeping          ||     9
Armor: Robe              ||    15
Dodge: Dodged            ||    49
